 Dungeon Crawl Stone Soup version 0.27-a0-1228-gfd60fd639a (webtiles) character file.

Game seed: 16193782806581354437

1582 epicjoe the Chopper (level 8, 0/70 HPs)
             Began as a Minotaur Berserker on May 3, 2021.
             Was a Priest of Trog.
             Slain by Maggie
             ... wielding a +0 broad axe of flaming
              (4 damage)
             ... on level 6 of the Dungeon on June 7, 2021.
             The game lasted 00:49:49 (5302 turns).

epicjoe the Chopper (Minotaur Berserker)            Turns: 5302, Time: 00:49:50

Health: 0/70       AC:  8    Str: 23    XL:     8   Next: 60%
Magic:  0/7        EV: 12    Int:  4    God:    Trog [***...]
Gold:   339        SH:  4    Dex: 11    Spells: 7/7 levels left

rFire    . . .     SeeInvis .   a - +1 hand axe
rCold    . . .     Faith    .   z - +0 buckler
rNeg     . . .     Spirit   +   q - +0 ring mail
rPois    .         Reflect  .   E - +1 hat
rElec    .         Harm     +   h - scarf {harm}
rCorr    .         Rampage  .   (no gloves)
Will     ++...                  y - +0 pair of boots
Stlth    +.........             u - amulet of guardian spirit
HPRegen  1.21/turn              (no ring)
MPRegen  0.10/turn              (no ring)

@: strong-willed, mesmerised, regenerating
A: horns 2, retaliatory headbutt
a: Renounce Religion, Berserk, Trog's Hand


You were on level 6 of the Dungeon.
You worshipped Trog.
Trog was most pleased with you.
You visited 1 branch of the dungeon, and saw 6 of its levels.
You also visited: Sewer.

You collected 339 gold pieces.

Inventory:

Hand Weapons
 a - a +1 hand axe (weapon)
 d - a +2 hunting sling of freezing
 k - a +0 arbalest
Missiles
 l - 101 arrows
 m - 23 poisoned darts
 x - 31 bolts
 A - a throwing net
 D - a curare-tipped dart
 F - 38 stones
 G - 27 sling bullets
Armour
 b - a +0 animal skin
 h - a scarf of harm (worn)
 i - a +0 robe
 q - a +0 ring mail (worn)
 y - a +0 pair of boots (worn)
 z - a +0 buckler (worn)
 E - a +1 hat (worn)
Jewellery
 e - an amulet of reflection
 u - an amulet of guardian spirit (around neck)
Wands
 H - a wand of charming (6) (quivered)
Scrolls
 c - a scroll of amnesia
 g - 2 scrolls of noise
 o - 2 scrolls of identify {unknown}
 p - a scroll of torment {unknown}
 B - 2 scrolls of teleportation {unknown}
 C - a scroll of vulnerability {unknown}
 I - a scroll of immolation {unknown}
Potions
 f - 2 potions of curing
 j - a potion of haste {unknown}
 n - a potion of cancellation {unknown}
 r - 3 potions of invisibility {unknown}
 s - a potion of flight {unknown}
 t - a potion of attraction {unknown}
 v - 4 potions of lignification {unknown}
 w - 3 potions of heal wounds {unknown}


   Skills:
 + Level 6.1 Fighting
 + Level 7.9 Axes
 + Level 4.3 Crossbows
 + Level 3.1 Throwing
 + Level 4.9 Armour
 + Level 4.9 Dodging
 + Level 1.2 Stealth
 + Level 2.0 Shields


You had 7 spell levels left.
You didn't know any spells.
Your spell library was empty.

Dungeon Overview and Level Annotations

Branches:
Dungeon (6/15)              Sewer (visited)
 Temple: D:4-7

Altars:
Cheibriados
Fedhas
Hepliaklqana
Kikubaaqudgha
Okawaru
Vehumet

Annotations:
D:6 Maggie


Innate Abilities, Weirdness & Mutations

You have a pair of horns on your head.
You reflexively headbutt those who attack you in melee.


Message History

Maggie points at you and mumbles some strange words.
The bolt of fire misses you.
You slash Maggie!
Maggie is heavily wounded.
Maggie barely misses you.
You hit Maggie.
Maggie is severely wounded.
Maggie closely misses you.
You closely miss Maggie. You headbutt Maggie, but do no damage.
Maggie is severely wounded.
Maggie hits you with a +0 broad axe of flaming!
Maggie burns you.
You hit Maggie but do no damage.
Maggie is severely wounded.
You hit Maggie. Your headbutt misses Maggie.
Maggie is severely wounded.
Maggie gestures at you while chanting. The bolt of fire hits you!!
* * * LOW HITPOINT WARNING * * *
You hit Maggie.
Maggie is severely wounded.
Maggie hits you with a +0 broad axe of flaming.
* * * LOW HITPOINT WARNING * * *
Maggie burns you.
* * * LOW HITPOINT WARNING * * *
It was a potion of curing.
You feel better.
Maggie hits you with a +0 broad axe of flaming.
* * * LOW HITPOINT WARNING * * *
Maggie burns you.
* * * LOW HITPOINT WARNING * * *
Your skin crawls.
You feel strong-willed.
Maggie points at you and mumbles some strange words.
The bolt of fire misses you.
You closely miss Maggie. Your headbutt misses Maggie.
Maggie is severely wounded.
Maggie hits you with a +0 broad axe of flaming!
* * * LOW HITPOINT WARNING * * *
Maggie burns you.
You die...

##### #...# ...# ...#
#..# ### #..# #..
#..# #.# ######..#
#.# #......@# #.#
#.####.@#######.#####
#..............#
#..######.>...[# #..#
####...#..####
#..................
#..##########..###.
##.# #...... #.#
#.####.


You could see Maggie (mesmerising).

Vanquished Creatures
  A wraith (D:5)
  Menkaure (D:5)
  A water moccasin (Sewer)
  A black bear (D:4)
  An ogre (D:5)
  A necrophage (D:5)
  A kobold brigand (D:5)
  2 phantoms
  A bullfrog (D:3)
  A scorpion (D:5)
  2 water moccasin skeletons
  A bullfrog zombie (D:5)
  A jelly (D:5)
  2 hounds
  An orc priest (D:4)
  A bullfrog skeleton (D:6)
  A centaur skeleton (D:4)
  An orc wizard (D:4)
  2 iguanas
  A hound zombie (D:5)
  A hound skeleton (D:5)
  5 gnolls
  5 adders
  A white imp (D:6)
  An ufetubus (D:4)
  2 adder skeletons (D:4)
  A worm (D:3)
  4 dart slugs
  4 orcs
  3 bats
  5 endoplasms
  6 giant cockroaches
  5 goblins
  5 hobgoblins
  2 jackals (Sewer)
  6 kobolds
  6 quokkas
  7 ball pythons
  3 frilled lizards
  5 rats
101 creatures vanquished.

Vanquished Creatures (others)
  A plant (D:3)
1 creature vanquished.

Grand Total: 102 creatures vanquished

Notes
Turn   | Place    | Note
-------+----------+-------------------------------------------
     0 | D:1      | epicjoe the Minotaur Berserker began the quest for the Orb.
     0 | D:1      | Reached XP level 1. HP: 19/19 MP: 0/0
    38 | D:1      | Reached skill level 4 in Axes
    38 | D:1      | Reached XP level 2. HP: 11/27 MP: 1/1
   279 | D:1      | Upgraded the game from 0.27-a0-1123-g2f9bb313c0 to
                  | 0.27-a0-1202-ge72e49191c
   845 | D:1      | Reached XP level 3. HP: 34/34 MP: 2/2
  1410 | D:2      | Reached XP level 4. HP: 38/41 MP: 3/3
  1635 | D:2      | Found a faded altar of an unknown god.
  1652 | D:2      | Reached ** piety under Trog
  1912 | D:3      | Noticed a phantom
  1985 | D:2      | Killed a phantom
  1986 | D:2      | Reached skill level 5 in Axes
  1986 | D:2      | Reached XP level 5. HP: 13/47 MP: 4/4
  2304 | D:3      | Reached skill level 5 in Fighting
  2533 | D:3      | Found a glowing drain.
  2537 | Sewer    | Entered a sewer
  2572 | Sewer    | Noticed a water moccasin
  2580 | Sewer    | Killed a water moccasin
  2581 | Sewer    | Reached skill level 1 in Shields
  2581 | Sewer    | Reached XP level 6. HP: 19/56 MP: 5/5
  3009 | D:3      | Found a blossoming altar of Fedhas.
  3088 | D:3      | Reached skill level 6 in Axes
  3360 | D:4      | Reached skill level 1 in Stealth
  3422 | D:4      | Upgraded the game from 0.27-a0-1202-ge72e49191c to
                  | 0.27-a0-1217-g8a41f320e8
  3452 | D:4      | Reached XP level 7. HP: 62/62 MP: 6/6
  3555 | D:4      | Found an ancient bone altar of Kikubaaqudgha.
  3556 | D:4      | Found a radiant altar of Vehumet.
  3558 | D:4      | Found a hazy altar of Hepliaklqana.
  3560 | D:4      | Found an iron altar of Okawaru.
  3575 | D:4      | Reached skill level 1 in Crossbows
  3906 | D:4      | Reached *** piety under Trog
  4200 | D:5      | Entered Level 5 of the Dungeon
  4201 | D:5      | Upgraded the game from 0.27-a0-1217-g8a41f320e8 to
                  | 0.27-a0-1228-gfd60fd639a
  4332 | D:5      | Reached skill level 7 in Axes
  4410 | D:5      | Noticed a wraith
  4417 | D:5      | Noticed Menkaure
  4425 | D:5      | Killed Menkaure
  4426 | D:5      | Reached skill level 1 in Throwing
  4426 | D:5      | Reached XP level 8. HP: 59/70 MP: 5/7
  5214 | D:6      | Found a snail-covered altar of Cheibriados.
  5265 | D:6      | Noticed Maggie
  5302 | D:6      | Slain by Maggie

Illustrated notes

Levels and vault maps discovered:
D:1:      minmay_arrival_doors, layout_basic, chequers_serial_rivers_room_b
D:2:      layout_basic, ebering_ecumenical_altar_abandoned
D:3:      layout_basic, fedhas_altar_1, gup_sewer_entry_bowl,
          kennysheep_generic_room_13
D:4:      minmay_spotlight, layout_cave_pools, grunt_temple_overflow_open,
          chequers_ossuary_entry_cave
D:5:      kennysheep_big_flooded_room, layout_cave_pools, uniq_menkaure
D:6:      layout_loops_ring, old_standard_altar, serial_bayou_lagoon_b,
          uniq_maggie

Skill      XL: |  1  2  3  4  5  6  7  8 |
---------------+-------------------------+-----
Fighting       | 4 5 6 |  6.1
Axes           | 4 5 6 7 |  7.9
Dodging        | 3 4 |  4.9
Shields        | 1 2 |  2.0
Armour         | 3 4 |  4.9
Stealth        | 1 |  1.2
Crossbows      | 4 |  4.3
Throwing       | 1 3 |  3.1

Action                   |  1- 3 |  4- 6 |  7- 9 || total
-------------------------+-------+-------+-------++-------
Melee: Hand axe          |    60 |    90 |    76 ||   226
       Headbutt          |     6 |    18 |    17 ||    41
 Fire: Arbalest          |       |     1 |    23 ||    24
       Hunting sling     |       |       |     5 ||     5
Throw: Dart              |       |     4 |    29 ||    33
Invok: Trog's Hand       |       |       |     2 ||     2
       Berserk           |       |       |     1 ||     1
Evoke: Wand              |       |       |     1 ||     1
  Use: Scroll            |       |       |     3 ||     3
       Potion            |       |       |     1 ||     1
Armor: Animal skin       |     4 |     2 |       ||     6
       Robe              |       |     3 |       ||     3
       Ring mail         |       |     5 |    14 ||    19
Dodge: Dodged            |    41 |    49 |    46 ||   136
Block: Other             |     8 |    10 |       ||    18
       Buckler           |       |       |    17 ||    17

Table legend: (Time is in decaauts)
 A = Elapsed time spent in this place.
 B = Non-inter-level travel time spent in this place.
 C = Inter-level travel time spent in this place.
 D = Time resting spent in this place.
 E = Time spent auto-exploring this place.
 F = Levels seen in this place.
 G = Mean time per level.
                   A        B        C        D        E       F      G
               +--------+--------+--------+--------+--------+-----+--------+
         Total |   5412 |   2282 |   3130 |    960 |    315 |   7 |  773.1 |
       Dungeon |   5015 |   1885 |   3130 |    726 |    315 |   6 |  835.8 |
         Sewer |    397 |    397 |      0 |    234 |      0 |   1 |  397.0 |
               +--------+--------+--------+--------+--------+-----+--------+

Top non-repeatable levels by time:
     D:4: 1133 daAuts
     D:1: 1107 daAuts
     D:2: 1065 daAuts
     D:5: 883 daAuts
     D:3: 719 daAuts
   Sewer: 397 daAuts
     D:6: 105 daAuts
